 Dungeon Crawl Stone Soup version 0.31-a0-851-g7ff8af7976 (webtiles) character file.

Game seed: 2084068460126346496

454 Ge0ff the Shooter (level 7, -4/69 HPs)
             Began as an Octopode Monk on Oct 6, 2023.
             Killed from afar by Dowan (11 damage)
             ... with a stone arrow
             ... on level 4 of the Dungeon.
             The game lasted 00:07:40 (3337 turns).

Ge0ff the Shooter (Octopode Monk)                   Turns: 3337, Time: 00:07:41

Health: -4/69      AC: 23    Str:  8 (10) XL:     7   Next: 5%
Magic:  7/7        EV:  2    Int: 10 (13) God:
Gold:   139        SH:  0    Dex: 15 (16) Spells: 6/6 levels left

rFire   . . .        (no weapon)
rCold   . . .        c - orb {light}
rNeg    . . .        (helmet currently unavailable)
rPois   +            (no amulet)
rElec   .            (no ring)
rCorr   .            (no ring)
SInv    .            (no ring)
Will    .....        (no ring)
Stlth   +            (no ring)
HPRegen 0.31/turn    (no ring)
MPRegen 0.10/turn    (no ring)
                     (no ring)

%: no passive effects
@: tree-form, glowing
A: stationary, stasis, torment immunity, boosted hp, almost no armour,
(amphibious), 8 rings, (camouflage 1), (gelatinous body 1), (nimble swimmer 1),
(tentacles)
a: no special abilities


You were on level 4 of the Dungeon.
You were a tree.
You visited 1 branch of the dungeon, and saw 4 of its levels.

You collected 139 gold pieces.

Inventory:

Hand Weapons
 a - a +0 short sword
 b - a +0 sling of flaming
 x - a +3 dagger
Missiles
 r - 38 stones (quivered)
 y - 3 boomerangs
 A - 17 poisoned darts
Armour
 c - an orb of light (worn)
Wands
 f - a wand of flame (17)
Scrolls
 p - 2 scrolls of teleportation {unknown}
 u - a scroll of amnesia {unknown}
 v - a scroll of torment {unknown}
 z - a scroll of acquirement {unknown}
 C - a scroll of poison
 D - a scroll of fear {unknown}
 E - 2 scrolls of identify {unknown}
Potions
 q - a potion of enlightenment {unknown}
 s - a potion of haste {unknown}
 t - a potion of degeneration
 w - a potion of heal wounds {unknown}


   Skills:
 - Level 3.0 Fighting
 - Level 4.3 Short Blades
 * Level 6.1 Ranged Weapons
 - Level 3.0 Dodging


You had 6 spell levels left.
You didn't know any spells.
Your spell library contained the following spells:

 Spells                   Type           Power      Damage    Failure   Level
 Magic Dart               Conj           0%         1d3       36%         1
 Call Imp                 Summ           0%         N/A       50%         2
 Dazzling Flash           Conj/Hex       0%         N/A       75%         3
 Mephitic Cloud           Conj/Pois/Air  0%         N/A       75%         3
 Volatile Blastmotes      Fire/Tloc      0%         2d10      75%         3
 Starburst                Conj/Fire      0%         6d3       100%        6
 Maxwell's Capacitive Co  Air            0%         ∞         100%        8


Dungeon Overview and Level Annotations

Branches:
Dungeon (4/15) Zot: 20624
 Temple: D:4-7

Altars:
Cheibriados

Annotations:
D:3 1 runed translucent door, 1 exclusion, naelc's ghost, amateur DECj
D:4 Dowan


Innate Abilities, Weirdness & Mutations

You are a tree.
Your roots penetrate the ground, keeping you stationary.
You cannot be teleported.
You are immune to unholy pain and torment.
Your maximum health is greatly increased.
You cannot wear most types of armour.
((You are amphibious.))
You can wear up to eight rings at the same time.
((Your skin changes colour to match your surroundings (Stealth+).))
((Your rubbery body absorbs attacks. (AC +1, EV +1)))
((You are camouflaged when in or above water. (Stealth+)))
((You have tentacles for arms and can constrict up to eight enemies at once.))


Message History

Duvessa is engulfed in poison gas.
Duvessa looks as sick as possible!
Duvessa hits you with a +0 rapier!
You are too injured to fight recklessly!
Fire: b) +0 sling (flame)
Press: ? - help, Q - select action, (/) - cycle Shift-Dir - straight line, f/p - Duvessa
Aim: Duvessa, wielding a +0 rapier and wearing a +0 chain mail (almost dead, extremely poisoned, haloed, 90% to hit)
You shoot a sling bullet.
The sling bullet hits Duvessa but does no damage.
Duvessa is almost dead.
Duvessa hits you with a +0 rapier.
Fire: b) +0 sling (flame)
Press: ? - help, Q - select action, (/) - cycle Shift-Dir - straight line, f/p - Duvessa
Aim: Duvessa, wielding a +0 rapier and wearing a +0 chain mail (almost dead, extremely poisoned, haloed, 90% to hit)
You shoot a sling bullet.
The sling bullet hits Duvessa but does no damage.
Duvessa is almost dead.
Duvessa hits you with a +0 rapier!
* * * LOW HITPOINT WARNING * * *
You are confused.
You feel invigorated.
You kill Duvessa!
You hear a distant wail of despair.
Your Ranged Weapons skill increases to level 6!
You have reached level 7!
Dowan seems to find hidden reserves of power!
Dowan points at you and mumbles some strange words.
The stone arrow misses you.
You feel less invigorated.
You feel less confused.
Dowan says, "Her death will not be in vain!"
Okay, then.
It was a potion of degeneration.
There was something very wrong with that liquid.
You feel weakened.
You feel dopey.
You feel clumsy. Dowan gestures at you while chanting.
The shard of ice hits you!!
* * * LOW HITPOINT WARNING * * *
It was a potion of lignification.
You turn into a tree.
Your roots penetrate the ground.
Okay, then.
Your +0 sling of flaming stops flaming.
You are now empty-handed.
Dowan mumbles some strange words.
Dowan blinks!
You hit Dowan but do no damage.
Dowan is moderately wounded.
Dowan hits you but does no damage.
Dowan says, "How can I live without her?"
Dowan gestures at you while chanting. The stone arrow hits you!
You die...

#................
#.#......#########.
#.#......#########.
..#................
.##+###.##########
..#...............
#.#####.##########
#§#.......#.#
#♣##........#
#e#.....#.#.#
#.#.#####.#.# #.#.#
#.#.# #.#.#####.#.#
#.#.......#.#
#.#########.#
#...........#
#############


You could see Dowan (fast).

Vanquished Creatures
  Eustachio (D:4)
  Duvessa (D:4)
  A phantom (D:4)
  Robin (D:3)
  3 gnolls
  A worm (D:2)
  4 dart slugs
  An orc (D:3)
  10 bats
  4 endoplasms
  3 giant cockroaches
  7 goblins
  7 hobgoblins
  3 jackals (D:4)
  10 kobolds
  6 quokkas
  9 ball pythons
  2 frilled lizards (D:3)
  5 rats
79 creatures vanquished.

Notes
Turn   | Place    | Note
-------+----------+-------------------------------------------
     0 | D:1      | Ge0ff the Octopode Monk began the quest for the Orb.
     0 | D:1      | Reached XP level 1. HP: 16/16 MP: 1/1
    47 | D:1      | Reached XP level 2. HP: 21/21 MP: 2/2
   563 | D:1      | Reached XP level 3. HP: 26/26 MP: 3/3
  1453 | D:2      | Reached skill level 1 in Ranged Weapons
  1765 | D:3      | Found a faded altar of an unknown god.
  1765 | D:3      | Noticed a floating eye
  1768 | D:3      | Noticed a shining eye
  1768 | D:3      | Noticed a floating eye
  1768 | D:3      | Noticed a shining eye
  1779 | D:3      | Reached XP level 4. HP: 31/31 MP: 4/4
  1889 | D:3      | Found a runed translucent door.
  1889 | D:3      | Noticed naelc's ghost (amateur DECj)
  2108 | D:3      | Reached skill level 2 in Ranged Weapons
  2349 | D:4      | Noticed a phantom
  2449 | D:4      | Noticed Robin
  2479 | D:3      | Killed Robin
  2547 | D:4      | Reached skill level 3 in Ranged Weapons
  2579 | D:4      | Reached XP level 5. HP: 23/36 MP: 5/5
  2915 | D:4      | Killed a phantom
  2916 | D:4      | Reached skill level 4 in Ranged Weapons
  3040 | D:4      | Found a snail-covered altar of Cheibriados.
  3138 | D:4      | Noticed Eustachio
  3144 | D:4      | Killed Eustachio
  3145 | D:4      | Reached skill level 5 in Ranged Weapons
  3145 | D:4      | Reached XP level 6. HP: 42/42 MP: 6/6
  3314 | D:4      | Noticed Duvessa
  3314 | D:4      | Noticed Dowan
  3329 | D:4      | Killed Duvessa
  3330 | D:4      | Reached skill level 6 in Ranged Weapons
  3330 | D:4      | Reached XP level 7. HP: 10/46 MP: 7/7
  3337 | D:4      | Killed from afar by Dowan

Illustrated notes

Levels and vault maps discovered:
D:1:      scummos_arrival_simple_fountains, layout_basic, nrook_loot_triangle,
          wad_floor_pattern_untrapped
D:2:      layout_loops_ring
D:3:      layout_loops_cross, hellmonk_ecumenical_altar_watching_god,
          ebering_ghost_reflecting_pool
D:4:      layout_basic, kennysheep_little_box, lemuel_doored_altar,
          minmay_temple_entry_fiery, minivault_5, uniq_robin, uniq_eustachio,
          uniq_duvessa

Skill      XL: |  1  2  3  4  5  6 |
---------------+-------------------+-----
Short Blades   | 4 |  4.3
Ranged Weapons | 1 3 5 6 |  6.1
Fighting       | |  3.0
Dodging        | |  3.0

Action                     |  1- 3 |  4- 6 |  7- 9 || total
---------------------------+-------+-------+-------++-------
  Melee: Short sword       |    39 |       |       ||    39
         Constrict         |    16 |       |       ||    16
         Tentacles         |    12 |       |       ||    12
         Unarmed           |       |       |     1 ||     1
   Fire: Sling             |    50 |   100 |       ||   150
    Use: Scroll            |       |     2 |       ||     2
         Potion            |       |     1 |     2 ||     3
   Stab: Sleeping          |     1 |       |       ||     1
 Armour: Skin              |    20 |    23 |     3 ||    46
  Dodge: Dodged            |    27 |    42 |     1 ||    70

Table legend: (Time is in decaauts)
 A = Elapsed time spent in this place.
 B = Non-inter-level travel time spent in this place.
 C = Inter-level travel time spent in this place.
 D = Time resting spent in this place.
 E = Time spent auto-exploring this place.
 F = Levels seen in this place.
 G = Mean time per level.
                   A        B        C        D        E       F      G
               +--------+--------+--------+--------+--------+-----+--------+
         Total |   3374 |   3245 |    129 |    267 |   2284 |   4 |  843.5 |
       Dungeon |   3374 |   3245 |    129 |    267 |   2284 |   4 |  843.5 |
               +--------+--------+--------+--------+--------+-----+--------+

Top non-repeatable levels by time:
     D:1: 980 daAuts
     D:3: 871 daAuts
     D:2: 784 daAuts
     D:4: 738 daAuts
